 Dungeon Crawl Stone Soup version 0.23.0 (webtiles) character file.

Game seed: 9952191965009501970

13176 lapinsky the Cleaver (level 12, 0/103 HPs)
             Began as a Hill Orc Fighter on Feb 17, 2019.
             Was a Plaything of Xom.
             Slain by a komodo dragon (22 damage)
             ... on level 1 of the Lair of Beasts.
             The game lasted 00:58:40 (12969 turns).

lapinsky the Cleaver (Hill Orc Fighter)            Turns: 12969, Time: 00:58:41

Health: 0/103      AC: 21    Str: 22    XL:     12   Next: 3%
Magic:  15/15      EV:  7    Int:  8    God:    Xom [*.....]
Gold:   711        SH:  0    Dex: 10    Spells: 16/16 levels left

rFire    . . .     SeeInvis +   I - +6 quarterstaff (protect)
rCold    . . .     Gourm    .   (shield currently unavailable)
rNeg     . . .     Faith    .   H - +1 plate armour
rPois    .         Spirit   .   (helmet restricted)
rElec    .         Reflect  .   m - +1 cloak
rCorr    .         Harm     .   K - +0 pair of gloves
MR       .....                  (no boots)
Stlth    ..........             (no amulet)
HPRegen  0.27/turn              q - +1 ring of protection
MPRegen  0.14/turn              O - ring of stealth

@: no status effects
A: antennae 1, molten scales 1, see invisible, clumsy 1
a: Renounce Religion


You were on level 1 of the Lair of Beasts.
You worshipped Xom.
You were a special plaything of Xom.
You were not hungry.

You visited 2 branches of the dungeon, and saw 12 of its levels.
You also visited: Ossuary.

You collected 711 gold pieces.

Inventory:

Hand Weapons
 e - a +3 hand axe of chopping
 E - a +4 short sword
 I - a +6 quarterstaff of protection (weapon)
 P - a +2 dire flail of chaos
Missiles
 s - 8 silver javelins (quivered)
 M - 13 tomahawks
Armour
 c - a +1 shield
 m - a +1 cloak (worn)
 H - a +1 plate armour (worn)
 K - a +0 pair of gloves (worn)
Jewellery
 q - a +1 ring of protection (left hand)
 J - an uncursed ring of protection from fire
 O - a ring of stealth (right hand)
Wands
 b - a wand of acid (13)
 d - a wand of iceblast (7)
 y - a wand of paralysis (7)
 D - a wand of enslavement (10)
 N - a wand of flame (31)
Scrolls
 g - a scroll of brand weapon {unknown}
 h - 5 scrolls of magic mapping
 n - 4 scrolls of teleportation
 o - 6 scrolls of remove curse
 t - a scroll of fear
 v - 3 scrolls of immolation
 C - a scroll of holy word {unknown}
 F - a scroll of fog {unknown}
 L - a scroll of random uselessness
Potions
 a - a potion of mutation {unknown}
 i - a potion of lignification
 j - 3 potions of invisibility
 l - 2 potions of brilliance {unknown}
 p - 4 potions of curing
 r - 3 potions of flight
 u - a potion of magic {unknown}
 w - a potion of haste
 x - 5 potions of cancellation
 z - a potion of resistance {unknown}
 A - 2 potions of agility
 G - 3 potions of ambrosia {unknown}
Comestibles
 f - 16 rations


   Skills:
 + Level 8.5 Fighting
 + Level 2.3 Short Blades
 * Level 14.1(14.5) Axes
   Level 4.9(9.4) Polearms
 + Level 0.6(2.5) Staves
 * Level 4.4 Throwing
 + Level 7.7 Armour
 + Level 2.3 Dodging
 + Level 1.7 Stealth
 + Level 9.0 Shields
 - Level 2.6 Spellcasting
 - Level 3.1 Evocations


You had 16 spell levels left.
You didn't know any spells.
Your spell library contained the following spells:

 Spells                   Type           Power        Failure   Level  Hunger
 Animate Skeleton         Necr           N/A          99%         1    ##.....
 Confusing Touch          Hex            #.....       99%         1    ##.....
 Pain                     Necr           #...         99%         1    ##.....
 Confuse                  Hex            #.......     100%        3    ####...
 Gell's Gravitas          Tloc           #.........   100%        3    ####...
 Regeneration             Chrm/Necr      #.........   100%        3    ####...
 Vampiric Draining        Necr           #.........   100%        3    ####...
 Animate Dead             Necr           N/A          100%        4    #####..
 Petrify                  Tmut/Erth      #.......     100%        4    #####..
 Metabolic Englaciation   Hex/Ice        #.........   100%        5    ######.
 Yara's Violent Unravell  Hex/Tmut       #.........   100%        5    ######.


Dungeon Overview and Level Annotations

Branches:
Dungeon (11/15)            Temple (0/1) D:6            Lair (1/6) D:11
    Orc (0/2) D:9

Altars:
Cheibriados
Dithmenos
Fedhas
Kikubaaqudgha
Makhleb
Okawaru
Ru
Sif Muna
Trog
Vehumet
Wu Jian
Xom
Yredelemnul
The Shining One
Beogh

Shops:
D:9 [

Annotations:
D:5 Inarius's ghost, novice MiVM; Killmatronix's ghost, novice TeWn
D:11 exclusion: 2 oklob plants


Innate Abilities, Weirdness & Mutations

You have a pair of small antennae on your head.
You are partially covered in molten scales. (AC +2)
You have supernaturally acute eyesight. (SInv)
You are clumsy. (Dex -2)


Message History

The porcupine closely misses you.
You sock the porcupine!
You kill the porcupine!
A komodo dragon comes into view.
The komodo dragon hisses angrily.
The komodo dragon completely misses you.
The komodo dragon bites you!!
The komodo dragon bites you but does no damage.
The komodo dragon bites you!
* * * LOW HITPOINT WARNING * * *
The komodo dragon bites you!
* * * LOW HITPOINT WARNING * * *
You feel better. "Hum-dee-hum-dee-hum..."
The komodo dragon suddenly seems more agile.
The komodo dragon bites you but does no damage.
The komodo dragon barely misses you.
You feel better. The komodo dragon bites you!!
You die...
Xom is highly amused!

#..##.......>...##.
#........#####.....
#........# #..##.
#...###..# #..##. #..#
#..# ##..#.. #..## #..#
#...... #...# #..#
##..... #...###..# #..##.
#.@###...# #..#.. ..
#.l.###..## #..##. ...
#..###....####..##. #..
#..# ##............
##..##..# #..........##.
#.......# ##......... #.
Y...##......# #........
#. ###..##...##..#
#........ #.
....###..#..<####........
#..


You could see a komodo dragon.

Vanquished Creatures
  An ogre mage (D:11)
  3 two-headed ogres (D:11)
  Nergalle (D:10)
  An ugly thing (D:11)
  A cyclops (D:9)
  Joseph (D:9)
  A spiny frog (Lair:1)
  A troll (D:9)
  A hippogriff (D:8)
  A spriggan (D:7)
  2 wraiths (D:8)
  2 wyverns
  3 yaks (Lair:1)
  A hungry ghost (D:7)
  A porcupine (Lair:1)
  4 ice beasts
  3 black bears
  2 sky beasts
  3 orc warriors
  3 phantoms
  An ogre (D:6)
  A necrophage (D:10)
  A boggart (D:7)
  6 centaurs
  2 big kobolds
  10 bullfrogs
  A water moccasin zombie (D:6)
  A water moccasin skeleton (D:11)
  7 killer bees
  A wight (D:8)
  6 howler monkeys
  A bullfrog zombie (D:6)
  A centaur zombie (D:7)
  2 quasits
  5 orc priests
  3 jellies
  4 hounds
  2 human zombies (D:8)
  A human skeleton (D:8)
  A bullfrog skeleton (D:9)
  3 iguanas
  15 orc wizards
  9 worker ants
  An ogre skeleton (D:8)
  A hound skeleton (D:7)
  15 mummies
  2 worker ant zombies
  9 adders
  2 shadow imps
  2 oozes
  3 adder zombies
  4 adder skeletons
  5 worms
  2 dart slugs
  4 leopard geckos
  34 orcs
  10 bats
  A bat zombie (D:1)
  8 giant cockroaches
  2 gnoll zombies (D:7)
  8 goblins
  6 hobgoblins
  10 jackals
  A quokka (D:6)
  3 ball pythons
  3 frilled lizards
  4 gnoll skeletons (Ossuary)
  A goblin skeleton (Ossuary)
  23 kobolds
  2 kobold skeletons (Ossuary)
  An orc skeleton (Ossuary)
  An orc zombie (D:8)
  A quokka skeleton (D:7)
  11 rats
  11 rat skeletons (Ossuary)
  A fire vortex (D:7)
  A plant (D:11)
313 creatures vanquished.

Vanquished Creatures (collateral kills)
  2 hydras (D:11)
  Erolcha (D:10)
  Harold (D:11)
  A centaur zombie (D:11)
  An orc warrior (D:8)
  An ogre (D:11)
  A big kobold (D:9)
  A bullfrog (D:11)
  2 killer bees (D:10)
  A hound (D:11)
  2 orc priests
  A centaur skeleton (D:11)
  An adder (D:11)
  5 orcs
  A quokka (D:11)
  A kobold (D:9)
23 creatures vanquished.

Vanquished Creatures (others)
  A dancing weapon (D:11)
  A yak (Lair:1)
  An orc wizard (D:9)
  An orc (D:9)
  2 fungi (Lair:1)
  A plant (Lair:1)
7 creatures vanquished.

Grand Total: 343 creatures vanquished

Notes
Turn   | Place    | Note
-------+----------+-------------------------------------------
     0 | D:1      | lapinsky the Hill Orc Fighter began the quest for the Orb.
     0 | D:1      | Reached XP level 1. HP: 19/19 MP: 1/1
    40 | D:1      | Reached XP level 2. HP: 21/27 MP: 2/2
   600 | D:1      | Reached skill level 3 in Axes
   638 | D:1      | Reached XP level 3. HP: 31/33 MP: 3/3
  1308 | D:2      | Reached XP level 4. HP: 17/41 MP: 4/4
  2055 | D:3      | Reached skill level 4 in Axes
  2058 | D:3      | Reached XP level 5. HP: 24/47 MP: 5/5
  2373 | D:3      | Found a glowing golden altar of the Shining One.
  2442 | D:3      | Reached skill level 5 in Fighting
  2769 | D:4      | Reached skill level 1 in Dodging
  2893 | D:4      | Found a snail-covered altar of Cheibriados.
  2910 | D:4      | Reached XP level 6. HP: 23/56 MP: 6/6
  2917 | D:4      | Reached skill level 1 in Short Blades
  3005 | D:4      | Noticed a black bear
  3027 | D:4      | Killed a black bear
  3295 | D:4      | Reached XP level 7. HP: 46/61 MP: 7/7
  3751 | D:5      | Entered Level 5 of the Dungeon
  3758 | D:5      | Reached skill level 5 in Shields
  3866 | D:5      | Got a fine spear
  3867 | D:5      | Identified the +1 spear "Feikusuluxt" {pierce, +Fly rF+ MR+
                  | Str+3} (You found it on level 5 of the Dungeon)
  4003 | D:5      | Found a runed translucent gate.
  4003 | D:5      | Found a runed translucent gate.
  4007 | D:5      | Found a runed translucent gate.
  4027 | D:5      | Noticed Inarius's ghost (novice MiVM)
  4028 | D:5      | Noticed Killmatronix's ghost (novice TeWn)
  4079 | D:5      | Found a sand-covered staircase.
  4085 | Ossuary  | Entered an ossuary
  4186 | Ossuary  | Reached skill level 1 in Polearms
  5015 | D:5      | Reached skill level 5 in Armour
  5075 | D:5      | Reached XP level 8. HP: 55/70 MP: 8/8
  5140 | D:5      | Found a burning altar of Makhleb.
  5858 | D:6      | Found an iron altar of Okawaru.
  6334 | D:6      | Found a staircase to the Ecumenical Temple.
  6509 | D:6      | Reached skill level 5 in Axes
  6619 | D:6      | Found an ornate altar of the Wu Jian Council.
  6794 | D:6      | Found a shimmering altar of Xom.
  7011 | D:6      | Became a worshipper of Xom of Chaos
  7067 | D:6      | XOM: divination: detect items
  7068 | D:6      | XOM: scenery: create altars
  7196 | D:7      | Reached skill level 1 in Stealth
  7200 | D:7      | Reached skill level 1 in Spellcasting
  7209 | D:7      | Found a sacrificial altar of Ru.
  7211 | D:7      | XOM: give mutation
  7211 | D:7      | Gained mutation: You expend magic power (3 MP) to
                  | strengthen your wands. [Xom's grace]
  7255 | D:7      | XOM: give mutations
  7255 | D:7      | Gained mutation: You have a pair of small antennae on your
                  | head. [Xom's grace]
  7255 | D:7      | Gained mutation: You are partially covered in molten
                  | scales. (AC +2) [Xom's grace]
  7255 | D:7      | Gained mutation: You have supernaturally acute eyesight.
                  | (SInv) [Xom's grace]
  7255 | D:7      | Gained mutation: You possess an exceptional clarity of
                  | mind. [Xom's grace]
  7270 | D:7      | Reached skill level 6 in Axes
  7270 | D:7      | Reached skill level 1 in Evocations
  7270 | D:7      | Reached XP level 9. HP: 75/75 MP: 9/11
  7390 | D:7      | XOM: cleaving
  7410 | D:7      | XOM: mild Fire miscast
  7490 | D:7      | XOM: stat loss: -1 Str (20/21)
  7507 | D:7      | Found a basalt altar of Yredelemnul.
  7584 | D:7      | XOM: chaos cloud
  7585 | D:7      | XOM: polymorph sky beast -> boggart
  7594 | D:7      | XOM: polymorph orc -> gnoll
  7697 | D:7      | XOM: mild Hex miscast
  7864 | D:7      | XOM: noise
  7873 | D:7      | Reached skill level 7 in Axes
  7880 | D:7      | XOM is BORED!
  7880 | D:7      | XOM: mild Chrm miscast
  7918 | D:7      | Found an iron altar of Okawaru.
  7948 | D:7      | Found a bloodstained altar of Trog.
  7979 | D:7      | XOM: give mutations
  7979 | D:7      | Lost mutation: You possess an exceptional clarity of mind.
                  | [Xom's mischief]
  7979 | D:7      | Gained mutation: Your magical capacity is low. (-10% MP)
                  | [Xom's mischief]
  7979 | D:7      | Lost mutation: You expend magic power (3 MP) to strengthen
                  | your wands. [Xom's mischief]
  7979 | D:7      | Lost mutation: Your magical capacity is low. (-10% MP)
                  | [Xom's mischief]
  7994 | D:8      | Found a shadowy altar of Dithmenos.
  8011 | D:8      | XOM: blink monster(s)
  8042 | D:7      | Reached skill level 8 in Axes
  8131 | D:7      | XOM: 4-stop teleportation journey
  8423 | D:8      | XOM: cast spell 'Summon Ice Beast'
  8433 | D:8      | Reached skill level 9 in Axes
  8604 | D:8      | Found a basalt altar of Yredelemnul.
  8672 | D:8      | Reached XP level 10. HP: 84/84 MP: 13/13
  8730 | D:8      | Reached skill level 10 in Axes
  8765 | D:8      | XOM is BORED!
  8765 | D:8      | XOM: give mutation
  8765 | D:8      | Gained mutation: You are clumsy. (Dex -2) [Xom's mischief]
  8929 | D:8      | Reached skill level 1 in Throwing
  9158 | D:8      | XOM: scenery: create altars
  9501 | D:9      | Found a blossoming altar of Fedhas.
  9524 | D:9      | Found Rani's Armour Emporium.
  9547 | D:9      | Noticed Joseph
  9550 | D:9      | XOM: summons friendly quasit
  9552 | D:9      | XOM: summons friendly shadow imp
  9579 | D:9      | Killed Joseph
  9579 | D:9      | Reached skill level 11 in Axes
  9781 | D:9      | Noticed a cyclops
  9790 | D:9      | Killed a cyclops
 10175 | D:9      | Found a roughly hewn altar of Beogh.
 10187 | D:9      | XOM: potion effect (curing)
 10209 | D:9      | Found a staircase to the Orcish Mines.
 10576 | D:9      | XOM: polymorph crimson imp -> quasit
 10678 | D:9      | Found an ancient bone altar of Kikubaaqudgha.
 10690 | D:9      | XOM: noise
 10692 | D:9      | Reached skill level 12 in Axes
 10704 | D:9      | Identified Kikubaaqudgha's Catalogue of Dark Rituals
 10713 | D:9      | Found a radiant altar of Vehumet.
 10734 | D:9      | Found a deep blue altar of Sif Muna.
 10885 | D:10     | Entered Level 10 of the Dungeon
 10944 | D:10     | XOM: enchant monster (bad)
 10996 | D:10     | Reached XP level 11. HP: 89/92 MP: 14/14
 11141 | D:10     | Noticed Nergalle
 11169 | D:10     | Noticed a spectral orc warlord
 11173 | D:10     | Killed Nergalle
 11509 | D:10     | XOM: mild Pois miscast
 11610 | D:10     | Noticed Erolcha
 11613 | D:10     | XOM: summons 8 friendly demons
 11630 | D:10     | Killed Erolcha
 11630 | D:10     | Reached skill level 13 in Axes
 12055 | D:11     | Noticed a five-headed hydra
 12070 | D:11     | XOM: summons 11 friendly demons
 12077 | D:11     | Killed an eight-headed hydra
 12179 | D:11     | Noticed a green ugly thing
 12209 | D:11     | Killed a green ugly thing
 12336 | D:11     | Noticed Harold
 12345 | D:11     | XOM: chaos upgrade
 12348 | D:11     | XOM: summons 11 friendly demons
 12355 | D:11     | Killed Harold
 12545 | D:11     | Noticed a four-headed hydra
 12546 | D:11     | Noticed a two-headed ogre
 12547 | D:11     | Noticed an ogre mage
 12547 | D:11     | Noticed a two-headed ogre
 12549 | D:11     | Noticed a two-headed ogre
 12551 | D:11     | Killed a four-headed hydra
 12561 | D:11     | Killed a two-headed ogre
 12562 | D:11     | Killed an ogre mage
 12566 | D:11     | Killed a two-headed ogre
 12571 | D:11     | Killed a two-headed ogre
 12611 | D:11     | Found a staircase to the Lair.
 12611 | D:11     | Noticed an oklob plant
 12616 | D:11     | Noticed an oklob plant
 12635 | Lair:1   | Entered Level 1 of the Lair of Beasts
 12721 | Lair:1   | Reached skill level 14 in Axes
 12794 | Lair:1   | XOM: blink monster(s)
 12818 | Lair:1   | XOM: summons 2 friendly demons
 12819 | Lair:1   | XOM: divine lightning
 12827 | Lair:1   | Reached XP level 12. HP: 34/103 MP: 15/15
 12835 | Lair:1   | XOM: polymorph yak -> black bear
 12960 | Lair:1   | HP: 5/103 [komodo dragon (15)]
 12967 | Lair:1   | XOM: enchant monster (bad)
 12969 | Lair:1   | Slain by a komodo dragon

Skill      XL: |  1  2  3  4  5  6  7  8  9 10 11 |
---------------+----------------------------------+-----
Fighting       | 4 5 6 7 8 |  8.5
Axes           | 3 4 6 9 12 14 | 14.1
Shields        | 4 5 6 7 9 |  9.0
Armour         | 4 5 6 7 |  7.7
Dodging        | 1 2 |  2.3
Short Blades   | 2 |  2.3
Polearms       | 3 4 |  4.9
Stealth        | 1 |  1.7
Spellcasting   | 1 2 |  2.6
Evocations     | 1 2 3 |  3.1
Throwing       | 2 4 |  4.4
Staves         | |  0.6

Action                   |  1- 3 |  4- 6 |  7- 9 | 10-12 || total
-------------------------+-------+-------+-------+-------++-------
Melee: War axe           |   101 |    73 |       |       ||   174
       Dagger            |       |   121 |    39 |       ||   160
       Spear             |       |       |   265 |       ||   265
       Hand axe          |       |       |   283 |   426 ||   709
       Quarterstaff      |       |       |       |    41 ||    41
Throw: Javelin           |       |       |    13 |    30 ||    43
Evoke: Wand              |       |       |       |    17 ||    17
  Use: Scroll            |       |     5 |    15 |     7 ||    27
       Potion            |       |       |     7 |     3 ||    10
 Stab: Paralysed         |       |       |       |     2 ||     2
       Distracted        |       |       |       |     2 ||     2
  Eat: Chunk             |     1 |     3 |     2 |       ||     6
       Ration            |       |     2 |     6 |     4 ||    12
Armor: Scale mail        |    60 |    97 |    92 |       ||   249
       Skin              |       |       |    23 |       ||    23
       Plate armour      |       |       |    90 |   249 ||   339
Dodge: Dodged            |    48 |    47 |    86 |   100 ||   281
Block: Shield            |    78 |   107 |   282 |   235 ||   702
